AoeStats
← Dinolicious.

Lombardia

507948582Analyzed
2v2 RM · 13d ago on Sep 20, 2026· 36m 31s· 4 players
Game mode
Random Map
Map size
Medium (4 player)
Population
200
Speed
Normal
Resources
Standard
Victory
Conquest
Starting age
Dark Age
Ending age
Imperial Age
RankedLock teamsTeams togetherTeam positionsShared explorationLock speedFull tech treeHidden civsTurbo modeCheats
Victory
Defeat
🇩🇪 Dravidians · Germany
1052
+17
🇫🇷 Vietnamese · France
1042
+18
🇩🇪 Magyars · Germany
1094
-18
🇦🇹 Burgundians · Austria
1072
-17
WiLLeX
11:17 Feudal Age
12:09 Loom
12:59 Wheelbarrow
12:10 Town Watch
15:36 Castle Age
14:06 Double-Bit Axe
17:56 Fletching
18:08 Padded Archer Armor
24:30 Wheelbarrow
24:07 Gold Mining
26:11 Sanctity
26:03 Stone Mining
26:19 Bodkin Arrow
27:03 Horse Collar
28:32 Leather Archer Armor
30:42 Bow Saw
30:51 Forging
30:41 Scale Mail Armor
36:16 Imperial Age
34:02 Hand Cart
35:33 Medical Corps
35:41 Thumb Ring
37:57 Chemistry
37:18 Ballistics
Malouda
7:18 Loom
10:12 Feudal Age
11:12 Double-Bit Axe
11:08 Horse Collar
14:18 Fletching
20:17 Wheelbarrow
24:27 Castle Age
24:51 Crossbowman
25:47 Bow Saw
25:41 Heavy Plow
27:27 Bodkin Arrow
27:33 Padded Archer Armor
30:15 Ballistics
32:53 Leather Archer Armor
33:30 Thumb Ring
35:42 Forging
39:39 Imperial Age
Ļﮔ
11:03 Feudal Age
14:43 Castle Age
12:40 Double-Bit Axe
13:51 Horse Collar
25:32 Wheelbarrow
25:59 Cavalier
26:48 Scale Barding Armor
27:16 Gold Mining
27:34 Husbandry
28:57 Forging
32:34 Chain Barding Armor
Dinolicious.
11:28 Feudal Age
15:12 Castle Age
13:51 Double-Bit Axe
26:07 Scale Barding Armor
26:52 Husbandry
26:23 Elite Skirmisher
28:39 Horse Collar
30:11 Bloodlines
30:33 Chain Barding Armor
31:47 Fletching
33:14 Wheelbarrow
32:47 Bodkin Arrow
Connection lost

Rejoining the realm…

Still unreachable

The connection could not be restored.

Session expired

The server has moved on; the page needs a fresh start.